 Dungeon Crawl Stone Soup version 0.24-a0-445-gd5110b030a (webtiles) character file.

Game seed: 8499384892353640868

1139 Inquire the Skirmisher (level 8, -1/61 HPs)
             Began as a Demonspawn Wanderer on June 22, 2019.
             Was a Follower of Sif Muna.
             Slain by a troll (11 damage)
             ... on level 9 of the Dungeon.
             The game lasted 00:10:38 (3935 turns).

Inquire the Skirmisher (Demonspawn Wanderer)        Turns: 3935, Time: 00:10:39

Health: -1/61      AC:  6    Str: 13    XL:     8   Next: 14%
Magic:  0/14       EV: 10    Int: 16    God:    Sif Muna [*.....]
Gold:   164        SH:  6    Dex: 12    Spells: 9/16 levels left

rFire    . . .     SeeInvis .   m - +2 hand axe (elec)
rCold    . . .     Gourm    .   (no shield)
rNeg     . . .     Faith    .   e - +0 leather armour
rPois    .         Spirit   +   (no helmet)
rElec    .         Reflect  .   (no cloak)
rCorr    .         Harm     .   b - +2 pair of gloves
MR       .....                  (no boots)
Stlth    +.........             (no amulet)
HPRegen  0.20/turn              i - +6 ring of slaying
MPRegen  0.14/turn              (no ring)

@: berserk cooldown, slowed, very slow
A: large bone plates 2, powered by pain 2, magic shield
a: Divine Energy, Renounce Religion


You were on level 9 of the Dungeon.
You worshipped Sif Muna.
Sif Muna was aware of your devotion.
You were not hungry.

You visited 1 branch of the dungeon, and saw 8 of its levels.

You collected 164 gold pieces.

Inventory:

Hand Weapons
 m - a +2 hand axe of electrocution (weapon)
Missiles
 g - 130 stones (quivered)
 o - a throwing net
Armour
 b - a +2 pair of gloves (worn)
 d - a +0 robe
 e - a +0 leather armour (worn)
Jewellery
 i - a +6 ring of slaying (left hand)
Scrolls
 h - 2 scrolls of vulnerability
 q - a scroll of amnesia
 r - a scroll of remove curse
Potions
 c - a potion of might
 k - a potion of berserk rage
 n - a potion of ambrosia
Comestibles
 f - 2 rations
 j - a chunk of flesh


   Skills:
 * Level 4.8 Fighting
 * Level 3.3(3.8) Axes
   Level 2.6(3.4) Maces & Flails
 - Level 1.0 Throwing
 * Level 4.6 Spellcasting
 * Level 1.2 Conjurations
 - Level 3.5 Air Magic
 - Level 3.6 Earth Magic
 - Level 1.0 Poison Magic
   Level 1.0 Evocations


You had 9 spell levels left.
You knew the following spells:

 Your Spells              Type           Power        Failure   Level  Hunger
a - Sandblast             Erth           ###...       4%          1    None
b - Stone Arrow           Conj/Erth      ##....       22%         3    ###....
c - Mephitic Cloud        Conj/Pois/Air  #.......     26%         3    ###....

Your spell library contained the following spells:

 Spells                   Type           Power        Failure   Level  Hunger
 Shock                    Conj/Air       ##..         8%          1    None
 Sting                    Conj/Pois      #...         13%         1    None
 Swiftness                Chrm/Air       #.......     14%         2    ##.....
 Static Discharge         Conj/Air       ##......     22%         3    ###....
 Airstrike                Air            ###.......   41%         4    ####...
 Lightning Bolt           Conj/Air       ##........   90%         5    ######.


Dungeon Overview and Level Annotations

Branches:
Dungeon (9/15)               Lair (0/6) D:8
 Temple: D:4-7          Orc: D:9-12

Altars:
Hepliaklqana
Sif Muna

Shops:
D:4 *   D:5 :}(

Annotations:
D:3 Sigmund
D:9 1 runed translucent door, dricus's ghost, novice KoBe


Innate Abilities, Weirdness & Mutations

You are mostly covered in large bone plates. (SH +6)
You sometimes gain power by taking damage.
When hurt, damage is shared between your health and your magic reserves.


Message History

A necrophage is nearby!
There is a stone staircase leading down here.
You start resting.
The necrophage is too close now for your liking.
You aren't carrying any items that you can evoke.
Unknown command.
Casting: Sandblast (safe; 4% risk of failure)
Confirm with . or Enter, or press ? or * to list all spells.
Okay, then.
You climb downwards.
Level annotation: 1 runed translucent door, dricus's ghost, novice KoBe The troll bites you!
You block the troll's attack. The troll claws you!
* * * LOW HITPOINT WARNING * * *
The scorpion barely misses you. The troll barely misses you.
The troll claws you but does no damage. The troll claws you.
* * * LOW HITPOINT WARNING * * *
The scorpion stings you.
* * * LOW HITPOINT WARNING * * *
The troll bites you!
You die...

#.# #.#
#.####.#########
#.......T..##>.. #
#.####.#........
#.#######.###.#.#.##.##
#..........##.#.#..#.#
..#...............#.##
#..###.#...##.#........
#....T@#..###.#.#..#.##
#..###s#......#.#..#.#
# #.#........#..#.#
#.##....<#.####.##
..##...#..........
####.......####.##
.........# .#
###....#.## ..... ..


You could see a troll and a scorpion.

Vanquished Creatures
  2 phantoms (D:9)
  An ogre (D:8)
  A centaur (D:8)
  A crocodile (D:8)
  3 bullfrogs (D:8)
  A scorpion (D:4)
  A crimson imp (D:8)
  An orc priest (D:8)
  A gnoll shaman (D:4)
  A hound (D:9)
  2 jellies (D:8)
  2 iguanas (D:4)
  A worker ant (D:4)
  A killer bee zombie (D:9)
  A hound zombie (D:9)
  A worker ant zombie (D:5)
  A howler monkey skeleton (D:9)
  9 adders
  A gnoll (D:5)
  2 oozes
  A worm (D:5)
  A dart slug (D:5)
  3 leopard geckos
  6 orcs
  7 bats
  2 giant cockroaches
  A goblin (D:1)
  4 hobgoblins
  6 jackals
  2 quokkas
  2 ball pythons
  3 frilled lizards
  3 kobolds
  A leopard gecko zombie (D:5)
  4 rats
  A butterfly (D:5)
81 creatures vanquished.

Vanquished Creatures (others)
  An orc wizard (D:8)
  27 fungi
  12 plants
40 creatures vanquished.

Grand Total: 121 creatures vanquished

Notes
Turn   | Place    | Note
-------+----------+-------------------------------------------
     0 | D:1      | Inquire the Demonspawn Wanderer began the quest for the
                  | Orb.
     0 | D:1      | Inquire set off with the following items: a +0 club, a +0
                  | robe, a ration; and the following spells available to
                  | memorise: Sandblast, Shock, Sting, Swiftness, Stone Arrow,
                  | Mephitic Cloud, Static Discharge, Airstrike, Lightning Bolt
     0 | D:1      | Reached XP level 1. HP: 13/13 MP: 2/2
     8 | D:1      | Learned a level 1 spell: Sandblast
   311 | D:1      | Gained mutation: You are partially covered in large bone
                  | plates. (SH +4) [demonic ancestry]
   311 | D:1      | Reached XP level 2. HP: 9/20 MP: 4/4
   364 | D:1      | Reached skill level 1 in Fighting
   803 | D:2      | Reached skill level 1 in Maces & Flails
   932 | D:2      | Gained mutation: You sometimes gain a little power by
                  | taking damage. [demonic ancestry]
   932 | D:2      | Reached XP level 3. HP: 25/26 MP: 1/5
   987 | D:2      | Learned a level 3 spell: Stone Arrow
  1134 | D:2      | Found a deep blue altar of Sif Muna.
  1137 | D:2      | Became a worshipper of Sif Muna the Loreminder
  1238 | D:2      | Found a hazy altar of Hepliaklqana.
  1661 | D:4      | Noticed a scorpion
  1670 | D:4      | Killed a scorpion
  1670 | D:4      | Reached XP level 4. HP: 21/34 MP: 3/7
  1741 | D:4      | Found Lotz's General Store.
  1765 | D:4      | Gained mutation: You sometimes gain power by taking damage.
                  | [demonic ancestry]
  1765 | D:4      | Reached XP level 5. HP: 31/39 MP: 5/8
  1894 | D:3      | Noticed Sigmund
  2193 | D:4      | Learned a level 3 spell: Mephitic Cloud
  2226 | D:5      | Entered Level 5 of the Dungeon
  2775 | D:5      | Found Bomis's Book Boutique.
  2792 | D:5      | Gained mutation: When hurt, damage is shared between your
                  | health and your magic reserves. [demonic ancestry]
  2792 | D:5      | Reached XP level 6. HP: 45/47 MP: 10/10
  2976 | D:5      | Found Xohurcheunn's Weapon Shoppe.
  2977 | D:5      | Found Ygreh's Gadget Shoppe.
  3023 | D:5      | You fall into a shaft and drop 3 floors!
  3023 | D:8      | Found a staircase to the Lair.
  3024 | D:8      | Noticed a porcupine
  3091 | D:8      | Reached skill level 1 in Axes
  3131 | D:8      | Reached * piety under Sif Muna
  3131 | D:8      | Reached XP level 7. HP: 17/53 MP: 0/12
  3615 | D:9      | Found a runed translucent door.
  3658 | D:9      | Noticed dricus's ghost (novice KoBe)
  3658 | D:9      | Identified the +0 trident "Habreog" {freeze, *Corrode MR++
                  | SInv}
  3658 | D:9      | Noticed a spriggan
  3659 | D:9      | Noticed a spriggan
  3662 | D:9      | Noticed a spriggan
  3735 | D:9      | Noticed a troll
  3838 | D:8      | Gained mutation: You are mostly covered in large bone
                  | plates. (SH +6) [demonic ancestry]
  3838 | D:8      | Reached XP level 8. HP: 58/61 MP: 9/14
  3923 | D:8      | Reached skill level 1 in Conjurations
  3935 | D:9      | Slain by a troll

Levels and vault maps discovered:
D:1:      lemuel_arrival_broad_hall, layout_loops_ring
D:2:      layout_basic, old_standard_altar, serial_bayou_pond_a,
          lemuel_blue_sif_altar
D:3:      layout_rooms, grunt_decor_cap, uniq_natasha, uniq_sigmund
D:4:      layout_loops_ring, nicolae_overflow_crystal_walls,
          fiery_altar_vehumet, serial_park_tiny_pond, minmay_shop_grid_forest
D:5:      layout_loops_ring, xom_butterflies, first_ration, serial_shops,
          nicolae_shop_crystal, shop_statue, shop
D:7:      layout_rooms, serial_shops, nicolae_shop_behind_doors,
          nicolae_shop_behind_doors, shop_fountains,
          nicolae_shop_competitors_out_of_business, shop, uniq_prince_ribbit1
D:8:      layout_rooms, overflow_temple_1_default, kennysheep_mini_moat,
          due_lair_maze_entry_diamond
D:9:      old_forge, layout_basic, ebering_ghost_funeral_grove

Skill      XL: |  1  2  3  4  5  6  7  8 |
---------------+-------------------------+-----
Fighting       | 1 2 3 4 |  4.8
Maces & Flails | 1 2 |  2.6
Spellcasting   | 2 3 4 |  4.6
Air Magic      | 2 3 |  3.5
Axes           | 2 3 |  3.3
Conjurations   | 1 |  1.2
Throwing       | |  1.0
Earth Magic    | |  3.6
Poison Magic   | |  1.0
Evocations     | |  1.0

Action                   |  1- 3 |  4- 6 |  7- 9 || total
-------------------------+-------+-------+-------++-------
Melee: Club              |    34 |       |       ||    34
       Mace              |    29 |       |       ||    29
       Hand axe          |    32 |    85 |    91 ||   208
 Cast: Sandblast         |    11 |     7 |     1 ||    19
       Stone Arrow       |       |     1 |     1 ||     2
       Mephitic Cloud    |       |       |     1 ||     1
Evoke: Wand              |       |     8 |       ||     8
  Use: Potion            |     7 |     4 |     4 ||    15
       Scroll            |     6 |     5 |     5 ||    16
 Stab: Paralysed         |       |     3 |       ||     3
  Eat: Chunk             |     3 |     4 |     1 ||     8
       Ration            |       |       |     1 ||     1
Armor: Robe              |    15 |       |       ||    15
       Leather armour    |    27 |    24 |    24 ||    75
Dodge: Dodged            |    68 |    35 |    67 ||   170
Block: Other             |    14 |    18 |    15 ||    47

Table legend:
 A = Non-vault XP
 B = Vault XP
 C = Vault XP percentage of total XP
 D = Non-vault monster count
 E = Vault monster count
 F = Vault count percentage of total count
                 A         B        C        D         E       F
            +---------+---------+-------+---------+---------+-------
      Total |    1188 |     440 |  27.0 |      72 |       9 |  11.1
            +---------+---------+-------+---------+---------+-------
        D:1 |      23 |       0 |   0.0 |      14 |       0 |   0.0
        D:2 |      45 |       0 |   0.0 |      10 |       0 |   0.0
        D:3 |      28 |       0 |   0.0 |       8 |       0 |   0.0
        D:4 |     236 |       0 |   0.0 |       9 |       0 |   0.0
        D:5 |      62 |       0 |   0.0 |      10 |       0 |   0.0
        D:8 |     428 |     411 |  49.0 |      13 |       5 |  27.8
        D:9 |     366 |      29 |   7.3 |       8 |       4 |  33.3
            +---------+---------+-------+---------+---------+-------
